 Dungeon Crawl Stone Soup version 0.31-a0-532-g28f74ba3e5 (webtiles) character file.

Game seed: 18174489740984371791

25 RepHenryClay the Covered (level 2, -2/26 HPs)
             Began as an Armataur Fighter on Aug 12, 2023.
             Frozen to death by an endoplasm (4 damage)
             ... on level 2 of the Dungeon.
             The game lasted 00:01:06 (1055 turns).

RepHenryClay the Covered (Armataur Fighter)         Turns: 1055, Time: 00:01:07

Health: -2/26      AC:  6    Str: 21    XL:     2   Next: 82%
Magic:  2/2        EV:  7    Int:  8    God:
Gold:   48         SH:  4    Dex:  9    Spells: 1/1 levels left

rFire   . . .        a - +0 long sword
rCold   . . .        c - +0 buckler
rNeg    . . .        b - +0 scale mail
rPois   .            (no helmet)
rElec   .            (no cloak)
rCorr   .            (no gloves)
SInv    .            (no barding)
Will    .....        (no amulet) Stlth
                     (no ring)
HPRegen 0.24/turn    (no ring)
MPRegen 0.08/turn

%: roll
@: hasted, very quick
A: large, rugged brown scales 3, deformed body, armoured tail, roll, long
tongue, awkward tongue
a: no special abilities


You were on level 2 of the Dungeon.
You visited 1 branch of the dungeon, and saw 2 of its levels.

You collected 48 gold pieces.

Inventory:

Hand Weapons
 a - a +0 long sword (weapon)
Armour
 b - a +0 scale mail (worn)
 c - a +0 buckler (worn)
 j - a +0 ring mail
Scrolls
 e - 3 scrolls of teleportation {unknown}
 i - a scroll of identify {unknown}
Potions
 d - a potion of might
 f - a potion of attraction {unknown}
 g - a potion of haste
 h - a potion of mutation {unknown}


   Skills:
 - Level 2.6 Fighting
 + Level 3.1 Long Blades
 - Level 3.6 Armour
 - Level 3.2 Shields


You had one spell level left.
You didn't know any spells.
Your spell library was empty.

Dungeon Overview and Level Annotations

Branches:
Dungeon (2/15)

Altars:


Innate Abilities, Weirdness & Mutations

You are completely covered in rugged brown scales. (AC +3, +7% HP)
Armour fits poorly on your strangely shaped body.
You have a long armoured tail.
You roll when moving toward enemies. (Rampage)
Your long tongue fully drains potion bottles. (2x potion effects)
Your tongue gives you trouble enunciating. (1.5x scroll delay)


Message History

The quokka is severely wounded.
The endoplasm hits you but does no damage.
The quokka bites you.
Damage: -4%(-1hp) hp: 85%(22hp)
You closely miss the quokka.
The quokka is heavily wounded.
The quokka bites you but does no damage.
The endoplasm hits you.
The quokka bites you but does no damage.
Damage: -4%(-1hp) hp: 81%(21hp)
You miss the quokka.
The quokka is heavily wounded.
The endoplasm freezes you.
You are frozen.
The quokka bites you.
The endoplasm hits you but does no damage.
Huge Dmg: -31%(-8hp) hp: 50%(13hp)
You miss the quokka.
The quokka is heavily wounded.
The quokka bites you.
* * * LOW HITPOINT WARNING * * *
The endoplasm freezes you.
You are frozen.
* * * LOW HITPOINT WARNING * * *
The quokka bites you.
* * * LOW HITPOINT WARNING * * *
Huge Dmg: -38%(-10hp) hp: 12%(3hp)
You hit the endoplasm.
The endoplasm is almost dead.
You block the quokka's attack. The endoplasm freezes you.
You are frozen.
* * * LOW HITPOINT WARNING * * *
Unknown command.
Huge Dmg: -8%(-2hp) hp: 4%(1hp) It was a potion of haste.
You feel yourself speed up.
You slurp down every last drop of the potion of haste!
The quokka barely misses you. The endoplasm freezes you.
You are frozen.
You die...

#### ##...
..#. ..⌠ # ..
#.##.
#...r########
#J@......#
########.#
#.# #.# #.#
#.# #.# #.#
#(# #.# #.#
#.# #.# #.#
#.#####.#####


You could see an endoplasm and a quokka.

Vanquished Creatures
  A worm (D:2)
  4 ball pythons (D:1)
  2 endoplasms (D:1)
  3 hobgoblins
  4 kobolds (D:1)
  A quokka (D:2)
  2 bats (D:1)
  A frilled lizard (D:1)
  3 goblins
  2 rats
23 creatures vanquished.

Notes
Turn   | Place    | Note
-------+----------+-------------------------------------------
     0 | D:1      | RepHenryClay the Armataur Fighter began the quest for the
                  | Orb.
     0 | D:1      | Reached XP level 1. HP: 19/19 MP: 1/1
   333 | D:1      | Reached XP level 2. HP: 21/26 MP: 2/2
  1054 | D:2      | HP: 1/26 [frozen (2)]
  1055 | D:2      | Frozen to death by an endoplasm

Illustrated notes

Levels and vault maps discovered:
D:1:      dpeg_arrival_refuge, layout_basic
D:2:      cheibrodos_greedy_goblins, layout_basic, hangedman_feature_mirror

Skill      XL: |  1  2 |
---------------+-------+-----
Long Blades    | 2 3 |  3.1
Fighting       | |  2.6
Armour         | |  3.6
Shields        | |  3.2

Action                     || total
---------------------------++-------
  Melee: Long sword        ||    64
         Tailslap          ||     7
    Use: Potion            ||     1
 Armour: Scale mail        ||    31
         Ring mail         ||     1
  Dodge: Dodged            ||    18
  Block: Buckler           ||    16

Table legend: (Time is in decaauts)
 A = Elapsed time spent in this place.
 B = Non-inter-level travel time spent in this place.
 C = Inter-level travel time spent in this place.
 D = Time resting spent in this place.
 E = Time spent auto-exploring this place.
 F = Levels seen in this place.
 G = Mean time per level.
                   A        B        C        D        E       F      G
               +--------+--------+--------+--------+--------+-----+--------+
         Total |   1073 |   1027 |     46 |      0 |    851 |   2 |  536.5 |
       Dungeon |   1073 |   1027 |     46 |      0 |    851 |   2 |  536.5 |
               +--------+--------+--------+--------+--------+-----+--------+

Top non-repeatable levels by time:
     D:1: 899 daAuts
     D:2: 173 daAuts
